AA NE
BOWIE BAYSOX @ BINGHAMTON RUMBLE PONIES
08/14/2041
 
TOP OF THE 1ST
Bowie Baysox batting - Pitching for Binghamton Rumble Ponies : LHP Jim Unknown
Pitching: LHP Jim Unknown
Batting: RHB Jon Hughes 0-0: Ball
1-0: Swinging Strike
1-1: Swinging Strike
1-2: Foul Ball, location: 3FF
1-2: Ball
2-2: Ball
3-2: Base on Balls
Batting: RHB Micheal Stanford 0-0: Ball
1-0: Ball
2-0: Ball
3-0: Called Strike
3-1: Base on Balls
Jon Hughes to second
Batting: LHB Ethan Wigton 0-0: Called Strike
0-1: Swinging Strike
0-2: Ball
1-2: Ball
2-2: SINGLE (Line Drive, 78S, EV 106.3 MPH)
Jon Hughes to third
Micheal Stanford to second
Batting: RHB Chuck Lee 0-0: Swinging Strike
0-1: Swinging Strike
0-2: Fly out, F8 (Flyball, 89S, EV 98.8 MPH)
Batting: RHB Jorge Féliz 0-0: Ball
1-0: Ball
2-0: Called Strike
2-1: Swinging Strike
2-2: Ball
3-2: Base on Balls
Jon Hughes scores
Micheal Stanford to third
Ethan Wigton to second
Batting: RHB Julius Green 0-0: Foul Ball, location: 9LDF
0-1: Ball
1-1: Called Strike
1-2: Ball
2-2: Ball
3-2: Fly out, F8 (Flyball, 8RXD, EV 90.6 MPH)
Runner from 3rd tags up, SCORES, no throw by CF
Ethan Wigton to third
Batting: LHB Robby Bennett 0-0: Called Strike
0-1: SINGLE (Line Drive, 4D, EV 106.3 MPH)
Ethan Wigton scores
Jorge Féliz to second
Batting: RHB Kevin Shepherd 0-0: Called Strike
0-1: Called Strike
0-2: Ball
1-2: Ball
2-2: Strikes out looking
Top of the 1st over - 3 runs, 2 hits, 0 errors, 2 left on base; Bowie 3 - Binghamton 0
BOTTOM OF THE 1ST
Binghamton Rumble Ponies batting - Pitching for Bowie Baysox : RHP José Farías
Pitching: RHP José Farías
Batting: LHB Robbie Curry 0-0: Ball
1-0: Called Strike
1-1: SINGLE (Line Drive, 7S, EV 91.3 MPH)
Batting: LHB Jim Unknown 0-0: Fly out, F9 (Flyball, 89S, EV 94.4 MPH)
Batting: LHB Don McClure 0-0: Ball
1-0: Ball
2-0: Called Strike
2-1: Ball
3-1: Foul Ball, location: 7LMF
3-2: Foul Ball, location: 7LMF
3-2: SINGLE (Line Drive, 89S, EV 91.9 MPH)
Robbie Curry to second
Robbie Curry to third
Batting: SHB Jim Unknown 0-0: Foul Ball, location: 5FF
0-1: Ball
1-1: Called Strike
1-2: Foul Ball, location: 7LMF
1-2: Strikes out swinging
Batting: RHB Jim Unknown 0-0: Ball
1-0: Ball
2-0: Swinging Strike
2-1: Ball
Wild Pitch!
Robbie Curry scores
Don McClure to second
3-1: Base on Balls
Batting: RHB Jim Unknown 0-0: Ball
1-0: Ball
2-0: Fly out, F7 (Line Drive, 7D, EV 90.6 MPH)
Bottom of the 1st over - 1 run, 2 hits, 0 errors, 2 left on base; Bowie 3 - Binghamton 1
TOP OF THE 2ND
Bowie Baysox batting - Pitching for Binghamton Rumble Ponies : LHP Jim Unknown
Batting: RHB Jeff Figgitt 0-0: Ball
1-0: Swinging Strike
1-1: Fly out, F8 (Flyball, 8RD, EV 93.8 MPH)
Batting: RHB Jon Hughes 0-0: Foul Ball, location: 7LMF
0-1: DOUBLE (Line Drive, 9LS, EV 104.4 MPH)
Batting: RHB Micheal Stanford 0-0: Ball
1-0: Ball
2-0: Ball
3-0: Base on Balls
Batting: LHB Ethan Wigton 0-0: Foul Ball, location: 3FF
0-1: Fly out, F7 (Flyball, 7, EV 95.0 MPH)
Batting: RHB Chuck Lee 0-0: Ball
1-0: Ball
2-0: Swinging Strike
2-1: Ball
3-1: Base on Balls
Jon Hughes to third
Micheal Stanford to second
Batting: RHB Jorge Féliz 0-0: Ball
1-0: Called Strike
1-1: Ground out 4-3 (Groundball, 4, EV 86.3 MPH)
Top of the 2nd over - 0 runs, 1 hit, 0 errors, 3 left on base; Bowie 3 - Binghamton 1
BOTTOM OF THE 2ND
Binghamton Rumble Ponies batting - Pitching for Bowie Baysox : RHP José Farías
Batting: LHB Jim Unknown 0-0: Ball
1-0: Ball
2-0: Ball
3-0: Base on Balls
Batting: RHB Jim Unknown 0-0: Foul Ball, location: 3FF
0-1: Grounds into double play, 4-6-3 (Groundball, 4, EV 91.3 MPH)
Batting: RHB Jim Unknown 0-0: Ball
1-0: Called Strike
1-1: Foul Ball, location: 23FF
1-2: Foul Ball, location: 9LSF
1-2: Strikes out swinging
Bottom of the 2nd over - 0 runs, 0 hits, 0 errors, 0 left on base; Bowie 3 - Binghamton 1
TOP OF THE 3RD
Bowie Baysox batting - Pitching for Binghamton Rumble Ponies : LHP Jim Unknown
Batting: RHB Julius Green 0-0: Foul Ball, location: 2F
0-1: Fly out, F8 (Flyball, 78D, EV 98.1 MPH)
Batting: LHB Robby Bennett 0-0: Ball
1-0: Fly out, F7 (Flyball, 78S, EV 89.4 MPH)
Batting: RHB Kevin Shepherd 0-0: Ball
1-0: Ball
2-0: Called Strike
2-1: Swinging Strike
2-2: SOLO HOME RUN (Flyball, 7LD, EV 96.9 MPH), Distance : 358 ft
Batting: RHB Jeff Figgitt 0-0: Ground out 5-3 (Groundball, 56, EV 95.6 MPH)
Top of the 3rd over - 1 run, 1 hit, 0 errors, 0 left on base; Bowie 4 - Binghamton 1
BOTTOM OF THE 3RD
Binghamton Rumble Ponies batting - Pitching for Bowie Baysox : RHP José Farías
Batting: LHB Robbie Curry 0-0: Ball
1-0: Called Strike
1-1: Swinging Strike
1-2: Strikes out swinging
Batting: LHB Jim Unknown 0-0: Ball
1-0: Ball
2-0: Bunt for hit to 15 - play at first, batter OUT! 1-3
Batting: LHB Don McClure 0-0: Ball
1-0: Swinging Strike
1-1: Swinging Strike
1-2: Ball
2-2: Strikes out swinging
Bottom of the 3rd over - 0 runs, 0 hits, 0 errors, 0 left on base; Bowie 4 - Binghamton 1
TOP OF THE 4TH
Bowie Baysox batting - Pitching for Binghamton Rumble Ponies : LHP Jim Unknown
Batting: RHB Jon Hughes 0-0: Swinging Strike
0-1: Ground out 6-3 (Groundball, 6, EV 101.9 MPH)
Batting: RHB Micheal Stanford 0-0: Foul Ball, location: 2LF
0-1: Ball
1-1: Ball
2-1: Ground out 4-3 (Groundball, 4, EV 100.6 MPH)
Batting: LHB Ethan Wigton 0-0: Ball
1-0: Ball
2-0: Ball
3-0: Called Strike
3-1: Base on Balls
Batting: RHB Chuck Lee 0-0: Ball
1-0: Foul Ball, location: 2F
1-1: Ball
2-1: Foul Ball, location: 9LMF
2-2: Ball
3-2: Ground out 5-3 (Groundball, 5S, EV 91.9 MPH)
Top of the 4th over - 0 runs, 0 hits, 0 errors, 1 left on base; Bowie 4 - Binghamton 1
BOTTOM OF THE 4TH
Binghamton Rumble Ponies batting - Pitching for Bowie Baysox : RHP José Farías
Batting: SHB Jim Unknown 0-0: Foul Ball, location: 3F
0-1: Foul Ball, location: 2F
0-2: Ball
1-2: Ball
2-2: Ball
3-2: Foul Ball, location: 3F
3-2: Ground out 4-3 (Groundball, 34, EV 90.0 MPH)
Batting: RHB Jim Unknown 0-0: Foul Ball, location: 9LMF
0-1: Ball
1-1: Ground out 4-3 (Groundball, 4M, EV 85.6 MPH)
Batting: RHB Jim Unknown 0-0: Ball
1-0: Ball
2-0: Foul Ball, location: 3FF
2-1: Ball
3-1: Base on Balls
Batting: LHB Jim Unknown 0-0: Called Strike
0-1: Ball
1-1: Called Strike
1-2: Fly out, F8 (Flyball, 8LM, EV 86.9 MPH)
Bottom of the 4th over - 0 runs, 0 hits, 0 errors, 1 left on base; Bowie 4 - Binghamton 1
TOP OF THE 5TH
Bowie Baysox batting - Pitching for Binghamton Rumble Ponies : LHP Jim Unknown
Batting: RHB Jorge Féliz 0-0: Ball
1-0: Fly out, F7 (Line Drive, 7S, EV 97.5 MPH)
Batting: RHB Julius Green 0-0: Called Strike
0-1: Ground out 1-3 (Groundball, P, EV 67.5 MPH)
Batting: LHB Robby Bennett 0-0: Foul Ball, location: 7LMF
0-1: Hit by Pitch
Batting: RHB Kevin Shepherd 0-0: Swinging Strike
0-1: Fly out, F7 (Flyball, 7LM, EV 81.9 MPH)
Top of the 5th over - 0 runs, 0 hits, 0 errors, 1 left on base; Bowie 4 - Binghamton 1
BOTTOM OF THE 5TH
Binghamton Rumble Ponies batting - Pitching for Bowie Baysox : RHP José Farías
Batting: RHB Jim Unknown 0-0: Ball
1-0: Called Strike
1-1: Ball
2-1: Ground out 6-3 (Groundball, 6MD, EV 102.5 MPH)
Batting: RHB Jim Unknown 0-0: Ball
1-0: Foul Ball, location: 2F
1-1: Called Strike
1-2: Foul Ball, location: 9LMF
1-2: Ground out 6-3 (Groundball, 6, EV 83.1 MPH)
Batting: LHB Robbie Curry 0-0: Ball
1-0: Ball
2-0: Ball
3-0: Base on Balls
Batting: LHB Jim Unknown 0-0: Ball
1-0: Ball
2-0: Called Strike
2-1: Ball
3-1: Base on Balls
Robbie Curry to second
Batting: LHB Don McClure 0-0: Ball
1-0: Called Strike
1-1: SINGLE (Groundball, 4D, EV 97.5 MPH)
Robbie Curry to third
Jim Unknown to second
Runner from 3rd tries for Home, throw by CF and OUT! 8-2
Bottom of the 5th over - 0 runs, 1 hit, 0 errors, 2 left on base; Bowie 4 - Binghamton 1
TOP OF THE 6TH
Bowie Baysox batting - Pitching for Binghamton Rumble Ponies : LHP Jim Unknown
Batting: RHB Jeff Figgitt 0-0: Ball
1-0: Ball
2-0: Ball
3-0: Base on Balls
Batting: RHB Jon Hughes 0-0: Ball
1-0: Called Strike
1-1: Foul Ball, location: 23F
1-2: Strikes out looking
Pitching: LHP Jim Unknown
Batting: RHB Micheal Stanford 0-0: Ball
1-0: Ball
2-0: Called Strike
2-1: Swinging Strike
Passed Ball!
Jeff Figgitt to second
2-2: Ball
3-2: Ground out 2-3 (Groundball, 15S, EV 66.9 MPH)
Batting: LHB Ethan Wigton 0-0: Ball
1-0: Swinging Strike
1-1: Foul Ball, location: 23FF
1-2: Ball
2-2: Strikes out looking
Top of the 6th over - 0 runs, 0 hits, 0 errors, 1 left on base; Bowie 4 - Binghamton 1
BOTTOM OF THE 6TH
Binghamton Rumble Ponies batting - Pitching for Bowie Baysox : RHP José Farías
Batting: SHB Jim Unknown 0-0: Called Strike
0-1: Called Strike
0-2: Ball
1-2: Ball
2-2: Strikes out looking
Batting: RHB Jim Unknown 0-0: Ball
1-0: SINGLE (Groundball, 34D, EV 95.6 MPH)
Batting: RHB Jim Unknown 0-0: Called Strike
0-1: Ball
1-1: SINGLE (Line Drive, 78M, EV 89.4 MPH)
Jim Unknown to second
Batting: LHB Jim Unknown 0-0: Swinging Strike
0-1: Ball
1-1: Ball
2-1: Ball
3-1: Base on Balls
Jim Unknown to third
Jim Unknown to second
Pitching: RHP Dani Cordero
Batting: RHB Jim Unknown 0-0: Called Strike
0-1: Ball
1-1: Called Strike
1-2: Ball
2-2: Ball
3-2: Foul Ball, location: 25F
3-2: DOUBLE (Line Drive, 78M, EV 91.9 MPH)
Jim Unknown scores
Jim Unknown scores
Jim Unknown to third
Batting: LHB Jim Unknown 0-0: Ball
1-0: Foul Ball, location: 25F
1-1: Ball
2-1: Swinging Strike
2-2: Foul Ball, location: 25F
2-2: Ball
3-2: Strikes out swinging
Batting: LHB Robbie Curry 0-0: Called Strike
0-1: Foul Ball, location: 2F
0-2: Strikes out looking
Bottom of the 6th over - 2 runs, 3 hits, 0 errors, 2 left on base; Bowie 4 - Binghamton 3
TOP OF THE 7TH
Bowie Baysox batting - Pitching for Binghamton Rumble Ponies : LHP Jim Unknown
Batting: RHB Chuck Lee 0-0: Ball
1-0: Swinging Strike
1-1: Ball
2-1: Ball
3-1: Base on Balls
Batting: RHB Jorge Féliz 0-0: Swinging Strike
0-1: Foul Ball, location: 2F
0-2: SINGLE (Line Drive, 7S, EV 96.9 MPH)
Chuck Lee to second
Batting: RHB Julius Green 0-0: Ball
1-0: Called Strike
1-1: Ball
2-1: Ball
3-1: Foul Ball, location: 2F
3-2: Base on Balls
Chuck Lee to third
Jorge Féliz to second
Pinch Hitting: RHB Arturo Reynoso 0-0: Ball
1-0: Ball
2-0: Called Strike
2-1: Swinging Strike
2-2: Strikes out swinging
Batting: RHB Kevin Shepherd 0-0: Grounds into fielders choice 6-2 (Groundball, 6, EV 86.3 MPH)
Jorge Féliz to third
Julius Green to second
Batting: RHB Jeff Figgitt 0-0: Ball
1-0: Ball
2-0: Ball
3-0: Base on Balls
Jorge Féliz scores
Julius Green to third
Kevin Shepherd to second
Batting: RHB Jon Hughes 0-0: Called Strike
0-1: Ball
1-1: Foul Ball, location: 2F
1-2: Foul Ball, location: 23F
1-2: Ball
2-2: Foul Ball, location: 3FF
2-2: Foul Ball, location: 5FF
2-2: Strikes out swinging
Top of the 7th over - 1 run, 1 hit, 0 errors, 3 left on base; Bowie 5 - Binghamton 3
BOTTOM OF THE 7TH
Binghamton Rumble Ponies batting - Pitching for Bowie Baysox : RHP Dani Cordero
Now in LF: Doug Brown
Batting: LHB Jim Unknown 0-0: Foul Ball, location: 5DF
0-1: Ball
1-1: Called Strike
1-2: Ball
2-2: Ground out 4-3 (Groundball, 4, EV 80.6 MPH)
Batting: LHB Don McClure 0-0: Called Strike
0-1: Ball
1-1: Foul Ball, location: 2F
1-2: Foul Ball, location: 25FF
1-2: Ball
2-2: Foul Ball, location: 5FF
2-2: Ball
3-2: Strikes out looking
Batting: SHB Jim Unknown 0-0: Ground out U3 (Groundball, 34, EV 87.5 MPH)
Bottom of the 7th over - 0 runs, 0 hits, 0 errors, 0 left on base; Bowie 5 - Binghamton 3
TOP OF THE 8TH
Bowie Baysox batting - Pitching for Binghamton Rumble Ponies : LHP Jim Unknown
Batting: RHB Micheal Stanford 0-0: Foul Ball, location: 3F
0-1: Foul Ball, location: 9LDF
0-2: Foul Ball, location: 9LDF
0-2: Foul Ball, location: 3F
0-2: Foul Ball, location: 9LDF
0-2: Ball
1-2: Ball
2-2: Ball
3-2: Strikes out swinging
Batting: LHB Ethan Wigton 0-0: Ball
1-0: Ball
2-0: Ball
3-0: Swinging Strike
3-1: Foul Ball, location: 9LDF
3-2: Strikes out swinging
Batting: RHB Chuck Lee 0-0: Ball
1-0: Ball
2-0: Ball
3-0: Base on Balls
Pitching: LHP Jim Unknown
Batting: RHB Jorge Féliz 0-0: Ball
1-0: Ground out 5-3 (Groundball, 56S, EV 82.5 MPH)
Top of the 8th over - 0 runs, 0 hits, 0 errors, 1 left on base; Bowie 5 - Binghamton 3
BOTTOM OF THE 8TH
Binghamton Rumble Ponies batting - Pitching for Bowie Baysox : RHP Dani Cordero
Batting: RHB Jim Unknown 0-0: Foul Ball, location: 25FF
0-1: Fly out, F9 (Flyball, 89S, EV 90.0 MPH)
Batting: RHB Jim Unknown 0-0: Foul Ball, location: 5F
0-1: Foul Ball, location: 3DF
0-2: Strikes out swinging
Batting: LHB Jim Unknown 0-0: Called Strike
0-1: Ball
1-1: Ball
2-1: Foul Ball, location: 25F
2-2: Fly out, F8 (Flyball, 8RM, EV 97.5 MPH)
Bottom of the 8th over - 0 runs, 0 hits, 0 errors, 0 left on base; Bowie 5 - Binghamton 3
TOP OF THE 9TH
Bowie Baysox batting - Pitching for Binghamton Rumble Ponies : LHP Jim Unknown
Batting: RHB Julius Green 0-0: Called Strike
0-1: Ball
1-1: Ball
2-1: Fly out, F7 (Flyball, 7D, EV 89.4 MPH)
Batting: RHB Doug Brown 0-0: Ball
1-0: Ground out 6-3 (Groundball, P, EV 85.6 MPH)
Batting: RHB Kevin Shepherd 0-0: Ball
1-0: Called Strike
1-1: Swinging Strike
1-2: Ball
2-2: SOLO HOME RUN (Flyball, 9D, EV 96.9 MPH), Distance : 369 ft
Batting: RHB Jeff Figgitt 0-0: Ball
1-0: Swinging Strike
1-1: Foul Ball, location: 25FF
1-2: Ball
2-2: Foul Ball, location: 23F
2-2: Fly out, F8 (Line Drive, 8LD, EV 98.1 MPH)
Top of the 9th over - 1 run, 1 hit, 0 errors, 0 left on base; Bowie 6 - Binghamton 3
BOTTOM OF THE 9TH
Binghamton Rumble Ponies batting - Pitching for Bowie Baysox : RHP Dani Cordero
Pitching: RHP Walt Garner
Batting: RHB Jim Unknown 0-0: Ball
1-0: Called Strike
1-1: Called Strike
1-2: Foul Ball, location: 5F
1-2: Ball
2-2: Ball
3-2: SINGLE (Groundball, 34D, EV 96.9 MPH)
Batting: LHB Jim Unknown 0-0: Ball
1-0: Called Strike
1-1: Ball
2-1: Ball
3-1: Foul Ball, location: 7LDF
3-2: Strikes out swinging
Batting: LHB Robbie Curry 0-0: Ball
1-0: Hit by Pitch
Jim Unknown to second
Batting: LHB Jim Unknown 0-0: Ball
1-0: Fielders Choice at 2nd, 3-6 (Groundball, 3S, EV 91.9 MPH)
Jim Unknown to third
Batting: LHB Don McClure 0-0: Ball
1-0: Ground out 2-3 (Groundball, 13S, EV 73.1 MPH)
Bottom of the 9th over - 0 runs, 1 hit, 0 errors, 2 left on base; Bowie 6 - Binghamton 3
Monday, April 1st , 2024 - OOTP Baseball 24.10 Build 82